 Dungeon Crawl Stone Soup version 0.27.1-33-g824d729ab1 (webtiles) character file.

Game seed: 8497267226083064112

102 lordive the Shooter (level 4, -2/51 (55) HPs)
             Began as a Minotaur Hunter on Dec 27, 2021.
             Slain by Eustachio (7 damage)
             ... on level 4 of the Dungeon.
             The game lasted 00:02:58 (1437 turns).

lordive the Shooter (Minotaur Hunter)               Turns: 1437, Time: 00:02:59

HP:   -2/51 (55)    AC:  8    Str: 17    XL:     4   Next: 50%
MP:   3/3           EV: 11    Int:  8    God:
Gold: 83            SH:  0    Dex: 11    Spells: 3/3 levels left

rFire    . . .     SeeInvis .   r - +1 dagger (venom)
rCold    . . .     Faith    .   (no shield)
rNeg     . . .     Spirit   .   e - +0 ring mail
rPois    +         Reflect  .   (helmet restricted)
rElec    .         Harm     .   (no cloak)
rCorr    .         Rampage  .   (no gloves)
Will     .....                  j - +2 pair of boots
Stlth    ..........             (no amulet)
HPRegen  0.17/turn              m - ring of poison resistance
MPRegen  0.08/turn              (no ring)

@: berserking, drained, very quick
A: horns 2, retaliatory headbutt
a: no special abilities


You were on level 4 of the Dungeon.
You visited 1 branch of the dungeon, and saw 4 of its levels.

You collected 83 gold pieces.

Inventory:

Hand Weapons
 a - a +1 shortbow
 f - a +2 short sword of speed
 p - a +0 hand crossbow
 r - a +1 dagger of venom (weapon)
Missiles
 d - 53 arrows
 q - 8 bolts
Armour
 e - a +0 ring mail (worn)
 j - a +2 pair of boots (worn)
Jewellery
 m - a ring of poison resistance (left hand)
Scrolls
 c - a scroll of amnesia {unknown}
 g - 4 scrolls of identify {unknown}
 h - 2 scrolls of magic mapping {unknown}
 i - a scroll of enchant armour {unknown}
 k - a scroll of teleportation {unknown}
 o - a scroll of enchant weapon {unknown}
Potions
 l - a potion of heal wounds {unknown}
 n - a potion of invisibility {unknown}


   Skills:
 + Level 2.9 Fighting
 + Level 6.0 Bows
 + Level 0.9 Armour
 + Level 2.5 Dodging
 + Level 1.0 Stealth


You had 3 spell levels left.
You didn't know any spells.
Your spell library was empty.

Dungeon Overview and Level Annotations

Branches:
Dungeon (3/15)

Altars:

Annotations:
D:4 Eustachio


Innate Abilities, Weirdness & Mutations

You have a pair of horns on your head.
You reflexively headbutt those who attack you in melee.


Message History

The bat's corpse disappears in a puff of smoke!
The ufetubus hits you but does no damage.
The ufetubus barely misses you.
Eustachio hits you with a +2 rapier of draining.
You feel drained. The ufetubus hits you. The ufetubus barely misses you.
Your +1 dagger of venom begins to drip with poison!
r - a +1 dagger of venom (weapon)
Eustachio mumbles some strange words.
The ufetubus closely misses you. The ufetubus barely misses you.
You miss Eustachio. Your headbutt misses Eustachio.
Eustachio is heavily wounded.
The ufetubus hits you but does no damage.
The ufetubus hits you. Eustachio barely misses you.
You hit Eustachio.
Eustachio is poisoned.
Eustachio is heavily wounded.
The ufetubus disappears in a puff of smoke!
The quasit bites you but does no damage.
The quasit barely misses you. The quasit misses you.
Eustachio hits you but does no damage.
You feel drained. The white imp gestures at you. The puff of frost misses you.
The puff of frost hits the river rat.
You closely miss Eustachio. You headbutt Eustachio.
Eustachio is heavily wounded.
The quasit bites you but does no damage.
The quasit misses you.
The quasit claws you but does no damage.
Eustachio closely misses you. The river rat bites you!
The white imp gestures at you. The puff of frost hits you!
* * * LOW HITPOINT WARNING * * *
It was a potion of berserk rage.
A red film seems to cover your vision as you go berserk!
You feel yourself moving faster!
You feel mighty! The quasit misses you. You furiously retaliate!
You headbutt the quasit! The quasit closely misses you.
The quasit claws you but does no damage.
The crimson imp hits you but does no damage.
The river rat barely misses you.
Eustachio hits you with a +2 rapier of draining!
You die...

### ... ..##.. .#
#..(.# ## #.##.#
#.(..# ... #...#
##....# ...# #...#
#.....###.
...###...###@r.......
#.........5@5.§#
##.......5(.§##
#.......†...##
.##....†..##
#......## #........#
#.........#
........#...#
..........#....


You could see Eustachio (poisoned), a quasit (summoned), a crimson imp
(summoned), a river rat (summoned) and a white imp (summoned).

Vanquished Creatures
  A jelly (D:3)
  3 adders
  A dart slug (D:2)
  An orc (D:3)
  3 ball pythons (D:1)
  2 endoplasms (D:1)
  3 giant cockroaches
  4 goblins
  3 hobgoblins
  2 jackals (D:2)
  2 quokkas
  2 bats
  3 frilled lizards
  6 kobolds
  5 rats
41 creatures vanquished.

Notes
Turn   | Place    | Note
-------+----------+-------------------------------------------
     0 | D:1      | lordive the Minotaur Hunter began the quest for the Orb.
     0 | D:1      | Reached XP level 1. HP: 18/18 MP: 0/0
   163 | D:1      | Reached XP level 2. HP: 21/25 MP: 1/1
   260 | D:1      | Reached skill level 5 in Bows
   645 | D:2      | Reached XP level 3. HP: 30/30 MP: 2/2
  1027 | D:2      | Reached skill level 1 in Stealth
  1240 | D:3      | Reached skill level 6 in Bows
  1240 | D:3      | Reached XP level 4. HP: 31/37 MP: 3/3
  1403 | D:3      | You fall into a shaft and drop 1 floor!
  1415 | D:4      | Noticed Eustachio
  1437 | D:4      | Slain by Eustachio

Illustrated notes

Levels and vault maps discovered:
D:1:      lightli_arrival_windingriver, layout_basic
D:2:      layout_basic
D:3:      layout_rooms, ebering_ecumenical_altar_rust,
          minmay_misc_feat_ornament, hangedman_decor_growths, st_stairs_14,
          minmay_goblin_outpost
D:4:      layout_layer_cave, cheibrodos_sewer_entry_drain, uniq_eustachio

Skill      XL: |  1  2  3 |
---------------+----------+-----
Bows           | 5 6 |  6.0
Stealth        | 1 |  1.0
Fighting       | |  2.9
Armour         | |  0.9
Dodging        | |  2.5

Action                   |  1- 3 |  4- 6 || total
-------------------------+-------+-------++-------
Melee: Short sword       |    63 |    14 ||    77
       Headbutt          |    12 |     1 ||    13
       Dagger            |       |     3 ||     3
 Fire: Shortbow          |       |    10 ||    10
  Use: Potion            |       |     1 ||     1
Armor: Ring mail         |    17 |    16 ||    33
Dodge: Dodged            |    38 |    31 ||    69
